 Dungeon Crawl Stone Soup version 0.30-a0-557-ge2afbf3030 (webtiles) character file.

Game seed: 10601218295085265508

21878 Newt the Cleaver (level 12, 0/94 HPs)
             Began as a Demonspawn Gladiator on Dec 27, 2022.
             Was a High Priest of Okawaru.
             Slain by a nine-headed hydra (4 damage)
             ... on level 3 of the Lair of Beasts.
             The game lasted 00:14:34 (16242 turns).

Newt the Cleaver (Demonspawn Gladiator)            Turns: 16242, Time: 00:14:35

Health: 0/94       AC: 15    Str: 20    XL:     12   Next: 58%
Magic:  12/12      EV: 10    Int: 12    God:    Okawaru [*****.]
Gold:   933        SH:  5    Dex: 15    Spells: 11/11 levels left

rFire   + . .      SeeInvis .    C - +6 war axe (spect)
rCold   . . .      Faith    .    D - +0 buckler
rNeg    . . .      Spirit   .    k - +0 scale mail of Inviolability {rElec Will- Int+3}
rPois   .          Reflect  .    c - +1 helmet
rElec   +          Harm     .    q - scarf {shadows}
rCorr   .          Rampage  .    (no gloves)
Will    .....                    F - +0 pair of boots
Stlth   +                        f - amulet of the acrobat
HPRegen 0.35/turn                w - ring of protection from fire
MPRegen 0.13/turn                M - +4 ring of slaying

@: lethally poisoned (0 -> -7), about to teleport
A: icy blue scales 2, (demonic guardian 2), ignite blood 1
a: Renounce Religion, Heroism, Finesse, Duel


You were on level 3 of the Lair of Beasts.
You worshipped Okawaru.
Okawaru was extremely pleased with you.
You visited 2 branches of the dungeon, and saw 12 of its levels.
You also visited: Ossuary.

You collected 933 gold pieces.

Inventory:

Hand Weapons
 a - a +0 rapier
 h - a +2 short sword of electrocution
 B - a +3 dire flail
 C - a +6 spectral war axe (weapon)
Missiles
 e - 2 javelins (quivered)
 j - 26 poisoned darts
 y - 10 boomerangs
Armour
 b - a +0 leather armour
 c - a +1 helmet (worn)
 k - the +0 scale mail of Inviolability (worn) {rElec Will- Int+3}
   (Okawaru gifted it to you on level 3 of the Lair of Beasts)

   Int:       It affects your intelligence (+3).
   rElec:     It insulates you from electricity.
   Will:      It decreases your willpower.
 q - a scarf of shadows (worn)
 D - a +0 buckler (worn)
 F - a +0 pair of boots (worn)
Jewellery
 f - an amulet of the acrobat (around neck)
 o - a ring of ice
 w - a ring of protection from fire (left hand)
 G - a +6 ring of intelligence
 M - a +4 ring of slaying (right hand)
 N - a ring of protection from cold
 O - a ring of resist corrosion
Wands
 t - a wand of acid (6)
 J - a wand of mindburst (43)
 U - a wand of flame (8)
Scrolls
 g - 11 scrolls of teleportation
 A - 4 scrolls of magic mapping
 E - 4 scrolls of enchant armour
 H - 2 scrolls of fog
 L - 2 scrolls of fear
 R - a scroll of brand weapon
 S - a scroll of identify
 T - a scroll of enchant weapon
Potions
 i - 7 potions of flight
 l - 2 potions of cancellation
 m - 3 potions of magic
 n - 10 potions of curing
 p - 2 potions of lignification
 r - 4 potions of haste
 s - 2 potions of might
 u - 2 potions of brilliance
 v - 2 potions of berserk rage
 x - a potion of resistance
 z - 4 potions of attraction
 I - 12 potions of degeneration
 K - a potion of mutation
 P - a potion of heal wounds


   Skills:
 + Level 8.6 Fighting
 - Level 2.6 Short Blades
 - Level 10.0 Axes
 - Level 10.0 Throwing
 - Level 10.0 Armour
 - Level 2.6 Dodging
 - Level 3.0 Stealth
 - Level 5.0 Shields


You had 11 spell levels left.
You didn't know any spells.
Your spell library contained the following spells:

 Spells                   Type           Power      Damage    Failure   Level
 Magic Dart               Conj           0%         1d3       71%         1
 Blink                    Tloc           0%         N/A       83%         2
 Momentum Strike          Conj/Tloc      0%         3d8       83%         2
 Static Discharge         Conj/Air       0%         2-2/arc   83%         2
 Lesser Beckoning         Tloc           0%         N/A       97%         3
 Mephitic Cloud           Conj/Pois/Air  0%         N/A       97%         3
 Ozocubu's Armour         Ice            0%         N/A       97%         3
 Vhi's Electric Charge    Tloc/Air       0%         N/A       97%         3
 Arcjolt                  Conj/Air       0%         1d10      100%        5
 Lightning Bolt           Conj/Air       0%         1d11      100%        5
 Metabolic Englaciation   Hex/Ice        0%         N/A       100%        5
 Call Imp                 Summ           Unusable   N/A       N/A         2
 Simulacrum               Ice/Necr       Unusable   N/A       N/A         6

Dungeon Overview and Level Annotations

Branches:
Dungeon (9/15)             Temple (0/1) D:6            Lair (3/5) D:9
  Swamp (0/4) Lair:3        Snake (0/4) Lair:3          Orc (0/2) D:9
Ossuary (visited)

Altars:
Ashenzari
Fedhas
Hepliaklqana
Makhleb
Okawaru
Qazlal
Trog
Uskayaw
Vehumet
Wu Jian
Yredelemnul

Shops:
D:8 (

Annotations:
Lair:1 exclusion: 3 oklob plants


Innate Abilities, Weirdness & Mutations

You are mostly covered in icy blue scales. (AC +3)
((A demonic guardian rushes to your aid.))
Your demonic aura sometimes causes spilled blood to erupt in flames.


Message History

Aim: a nine-headed hydra (moderately wounded, 84% to hit, immune to nets)
You throw a throwing net.
The throwing net hits the nine-headed hydra.
The nine-headed hydra is too large for the net to hold!
The nine-headed hydra is moderately wounded.
The water moccasin bites you but does no damage.
That's the wrong kind of item! (Use * to select it.) Fire/throw/use which item? ([*] to toss any item) (? for menu, Esc to quit)
Okay, then.
Throw: javelin (silver)
Press: ? - help, Shift-Dir - straight line, f/p - nine-headed hydra
Aim: a nine-headed hydra (moderately wounded, 84% to hit)
You throw a silver javelin.
The silver javelin pierces through the nine-headed hydra!
The nine-headed hydra is moderately wounded.
The water moccasin bites you.
You are poisoned.
The water moccasin poisons you!
The nine-headed hydra closely misses you. x2
The nine-headed hydra bites you but does no damage.
The nine-headed hydra closely misses you.
The nine-headed hydra bites you!
* * * LOW HITPOINT WARNING * * *
The nine-headed hydra bites you but does no damage.
You block the nine-headed hydra's attack.
The nine-headed hydra bites you but does no damage.
The nine-headed hydra closely misses you.
The water moccasin bites you but does no damage.
As you read the scroll of teleportation, it crumbles to dust.
You feel strangely unstable.
You feel very sick. The nine-headed hydra bites you!
* * * LOW HITPOINT WARNING * * *
The nine-headed hydra bites you.
* * * LOW HITPOINT WARNING * * *
The nine-headed hydra bites you!
* * * LOW HITPOINT WARNING * * *
The nine-headed hydra bites you but does no damage.
The nine-headed hydra bites you.
You die...

#...............##......
###.###...#...#.#.#....P
###..#.##...#........#
##....>##....#..#..#.#
#....#...............#
##.##..#..P#####.P#.##
#. #..##...# ######
#..#..### #@§°# # ###
#...SD...### ##.###
#.....°.....#####.#..#
#.......(.............
##.......#..........#.
..#...##..........###
#......##..#####...###
.....D>.## #.....#
.....###.# ##....##


You could see a nine-headed hydra and a water moccasin.

Vanquished Creatures
  Nessos (Lair:3)
  Snorg (Lair:3)
  A hydra (Lair:2)
  Fannar (Lair:2)
  A two-headed ogre (D:8)
  A will-o-the-wisp (Lair:3)
  Joseph (D:8)
  10 elephants
  5 black mambas
  2 cane toads (Lair:3)
  Psyche (D:8)
  3 komodo dragons
  A kobold demonologist (D:9)
  A polar bear (Lair:3)
  A wyvern (D:7)
  2 wraiths
  A steam dragon (D:8)
  24 yaks
  Eustachio (D:5)
  2 basilisks
  Menkaure (D:5)
  13 water moccasins
  An ice beast (D:7)
  Duvessa (D:4)
  A swamp drake (D:9)
  6 orc warriors
  A sky beast (D:7)
  2 black bears
  4 ogres
  9 wolves
  5 centaurs
  3 phantoms
  2 kobold brigands (D:8)
  9 bullfrogs
  Blork the orc (D:4)
  2 scorpions
  5 wights
  Dowan (D:4)
  3 killer bees (D:9)
  A hound (D:6)
  10 orc priests
  A gnoll bouda (D:9)
  8 orc wizards
  4 mummies
  4 gnolls (D:9)
  10 adders
  4 shadow imps
  3 white imps
  An ufetubus (D:5)
  4 worms
  3 dart slugs
  46 orcs
  4 endoplasms
  12 giant cockroaches
  11 goblins
  11 hobgoblins
  5 jackals
  22 kobolds
  3 quokkas
  9 ball pythons
  6 bats
  2 frilled lizards
  A gnoll zombie (Ossuary)
  3 goblin zombies (Ossuary)
  4 hobgoblin zombies (Ossuary)
  7 kobold zombies (Ossuary)
  2 orc zombies (D:4)
  6 rats
  A spectral orc (D:9)
  A bush (D:3)
340 creatures vanquished.

Vanquished Creatures (collateral kills)
  A jelly (D:3)
  A worm (D:5)
  An endoplasm (D:4)
  2 kobolds
5 creatures vanquished.

Vanquished Creatures (others)
  A bush (D:3)
  2 foxfires (Lair:3)
  18 fungi
  40 plants
61 creatures vanquished.

Grand Total: 406 creatures vanquished

Notes
Turn   | Place    | Note
-------+----------+-------------------------------------------
     0 | D:1      | Newt the Demonspawn Gladiator began the quest for the Orb.
     0 | D:1      | Reached XP level 1. HP: 16/16 MP: 1/1
    39 | D:1      | Reached skill level 1 in Stealth
    60 | D:1      | You fall into a shaft and drop 1 floor!
    84 | D:2      | Gained mutation: A weak demonic guardian rushes to your
                  | aid. [demonic ancestry]
    84 | D:2      | Reached XP level 2. HP: 12/22 MP: 2/2
   439 | D:1      | Reached XP level 3. HP: 27/27 MP: 3/3
  1007 | D:2      | Gained mutation: You are partially covered in icy blue
                  | scales. (AC +2) [demonic ancestry]
  1007 | D:2      | Reached XP level 4. HP: 28/34 MP: 4/4
  1592 | D:3      | Noticed a phantom
  1602 | D:3      | Killed a phantom
  1603 | D:3      | Reached skill level 1 in Armour
  1603 | D:3      | Gained mutation: You are mostly covered in icy blue scales.
                  | (AC +3) [demonic ancestry]
  1603 | D:3      | Reached XP level 5. HP: 35/42 MP: 5/5
  1680 | D:3      | Found a bloodstained altar of Trog.
  1929 | D:3      | Reached XP level 6. HP: 41/48 MP: 6/6
  2123 | D:3      | Found a stormy altar of Qazlal.
  2333 | D:3      | Identified the +9 short sword of War {venom, rF- rN+ Int+2}
  2559 | D:4      | Found a sand-covered staircase.
  2566 | Ossuary  | Entered an ossuary
  2566 | Ossuary  | Noticed a wraith
  2566 | Ossuary  | Noticed a wraith
  2879 | Ossuary  | Noticed a wraith
  2883 | Ossuary  | Killed a wraith
  3034 | Ossuary  | Noticed a wraith
  3162 | D:4      | Noticed Blork the orc
  3172 | D:4      | Killed Blork the orc
  3173 | D:4      | Reached XP level 7. HP: 54/54 MP: 7/7
  3252 | D:4      | Noticed Dowan
  3254 | D:4      | Noticed Duvessa
  3290 | D:4      | Killed Duvessa
  3292 | D:4      | Killed Dowan
  3293 | D:4      | Reached skill level 5 in Throwing
  4177 | D:5      | Entered Level 5 of the Dungeon
  4363 | D:5      | Reached skill level 5 in Fighting
  4750 | D:4      | Gained mutation: Your demonic aura sometimes causes spilled
                  | blood to erupt in flames. [demonic ancestry]
  4750 | D:4      | Reached XP level 8. HP: 43/58 MP: 8/8
  5113 | D:5      | Noticed Eustachio
  5127 | D:5      | Killed Eustachio
  5128 | D:5      | Reached skill level 5 in Armour
  5373 | D:5      | Noticed Menkaure
  5378 | D:5      | Killed Menkaure
  5563 | D:5      | Reached skill level 1 in Axes
  6543 | D:6      | Reached XP level 9. HP: 64/69 MP: 9/9
  6688 | D:6      | Found a staircase to the Ecumenical Temple.
  6986 | D:7      | Reached skill level 5 in Axes
  7349 | D:7      | Found a radiant altar of Vehumet.
  7350 | D:7      | Found a broken altar of Ashenzari.
  7358 | D:7      | Found a hide-covered altar of Uskayaw.
  7358 | D:7      | Found an ornate altar of the Wu Jian Council.
  7358 | D:7      | Found a hazy altar of Hepliaklqana.
  7361 | D:7      | Found a blossoming altar of Fedhas.
  7362 | D:7      | Found a burning altar of Makhleb.
  7363 | D:7      | Found an iron altar of Okawaru.
  7824 | D:7      | Became a worshipper of Warmaster Okawaru
  7886 | D:8      | Found Gorag's Weapon Shop.
  8069 | D:8      | Noticed Psyche
  8075 | D:8      | Killed Psyche
  8161 | D:8      | Reached * piety under Okawaru
  8294 | D:8      | Noticed Joseph
  8311 | D:8      | HP: 2/69 [Joseph/+0 quarterstaff (15)]
  8317 | D:8      | Killed Joseph
  8318 | D:8      | Reached XP level 10. HP: 11/76 MP: 10/10
  8961 | D:8      | Noticed a two-headed ogre
  8970 | D:8      | Killed a two-headed ogre
  8970 | D:8      | Reached ** piety under Okawaru
  8971 | D:8      | Reached skill level 10 in Axes
  8971 | D:8      | Reached skill level 1 in Shields
  9474 | D:9      | Found a basalt altar of Yredelemnul.
  9538 | D:9      | Reached *** piety under Okawaru
  9980 | D:9      | Found a staircase to the Orcish Mines.
 10086 | D:9      | Reached skill level 5 in Shields
 10140 | D:9      | Found a staircase to the Lair.
 10730 | Lair:1   | Entered Level 1 of the Lair of Beasts
 10953 | Lair:1   | Reached **** piety under Okawaru
 10958 | Lair:1   | Gained mutation: A demonic guardian rushes to your aid.
                  | [demonic ancestry]
 10958 | Lair:1   | Reached XP level 11. HP: 46/81 MP: 11/11
 11812 | Lair:1   | Noticed an oklob plant
 11813 | Lair:1   | Noticed an oklob plant
 11813 | Lair:1   | Noticed an oklob plant
 12082 | Lair:1   | Received a gift from Okawaru
 13004 | Lair:2   | Reached ***** piety under Okawaru
 13041 | Lair:2   | Noticed Fannar
 13053 | Lair:2   | HP: 1/81 [Fannar/bolt of cold (42)]
 13062 | Lair:2   | Killed Fannar
 13063 | Lair:2   | Reached skill level 10 in Armour
 13150 | Lair:2   | Received a gift from Okawaru
 13687 | Lair:2   | Received a gift from Okawaru
 13693 | Lair:2   | Received a gift from Okawaru
 14261 | Lair:3   | Reached XP level 12. HP: 88/88 MP: 12/12
 14413 | Lair:3   | Found a staircase to the Snake Pit.
 14415 | Lair:3   | Noticed Nessos
 14907 | Lair:3   | Noticed Snorg
 14912 | Lair:3   | Killed Snorg
 15062 | Lair:3   | Identified the +0 scale mail of Inviolability {rElec Will-
                  | Int+3} (Okawaru gifted it to you on level 3 of the Lair of
                  | Beasts)
 15062 | Lair:3   | Received a gift from Okawaru
 15097 | Lair:3   | Found a staircase to the Swamp.
 15308 | Lair:3   | Noticed a six-headed hydra
 15341 | Lair:2   | Killed a six-headed hydra
 15342 | Lair:2   | Reached skill level 10 in Throwing
 15846 | Lair:3   | Noticed a seven-headed hydra
 16143 | Lair:3   | Killed Nessos
 16242 | Lair:3   | HP: 4/94 [nine-headed hydra (8)]
 16242 | Lair:3   | Slain by a nine-headed hydra

Illustrated notes

Levels and vault maps discovered:
D:1:      lightli_arrival_quake, layout_basic, serial_curves, eino_curves_04,
          eino_curves_01
D:2:      layout_basic, minmay_tromino_v4_a
D:3:      layout_loops_ring, mainiacjoe_overflow_catch_the_wave,
          kennysheep_pointless_box, lightli_corner_chamber
D:4:      layout_basic, nicolae_ossuary_entry_giza, uniq_duvessa,
          uniq_blork_the_orc
D:5:      layout_layer_cave, uniq_eustachio, uniq_menkaure
D:6:      layout_basic, minmay_temple_entry_enclosed_plants
D:7:      layout_basic, minitemple, serial_glass, glass_columns_a,
          glass_columns_a, glass_columns_a, glass_columns_a
D:8:      minmay_thinvault, layout_basic, serial_shops,
          nicolae_shop_hallway_plus, hangedman_abyss_or_decor_slice,
          minmay_holes, uniq_joseph, uniq_psyche
D:9:      layout_loops_ring, yredelemnul_forgotten_temple_becter,
          dpeg_oklobed_lair, erik_orc_1
Lair:1:   dpeg_oklob_gauntlet, layout_layer_cave, minivault_19,
          chequers_serial_rivers_micro_c, beast_lair_carwin_2
Lair:2:   layout_long_grid, serial_bayou_shore_b, uniq_fannar
Lair:3:   layout_loops_ring, minmay_swamp_entry_wisps,
          minmay_snake_entry_six_corridors, uniq_snorg, uniq_nessos

Skill      XL: |  1  2  3  4  5  6  7  8  9 10 11 12 |
---------------+-------------------------------------+-----
Stealth        | 2 3 |  3.0
Fighting       | 4 5 6 8 |  8.6
Armour         | 1 3 4 6 7 10 | 10.0
Throwing       | 3 5 8 10 | 10.0
Axes           | 4 9 10 | 10.0
Shields        | 5 |  5.0
Short Blades   | |  2.6
Dodging        | |  2.6

Action                   |  1- 3 |  4- 6 |  7- 9 | 10-12 || total
-------------------------+-------+-------+-------+-------++-------
Melee: Rapier            |    33 |       |       |       ||    33
       Short sword       |    95 |   255 |   133 |       ||   483
       Punch             |       |     8 |     1 |       ||     9
       War axe           |       |       |   183 |   322 ||   505
       Dire flail        |       |       |       |     4 ||     4
Throw: Throwing net      |       |       |     4 |     4 ||     8
       Javelin           |       |       |       |     3 ||     3
  Use: Scroll            |     4 |     9 |     9 |     7 ||    29
       Potion            |       |       |     4 |     5 ||     9
 Stab: Sleeping          |     3 |    10 |     5 |     4 ||    22
       Held in net/web   |       |       |     1 |       ||     1
       Distracted        |       |       |       |     3 ||     3
Armor: Leather armour    |    34 |    41 |   113 |   104 ||   292
       Skin              |       |       |    35 |       ||    35
       Scale mail        |       |       |       |    35 ||    35
Dodge: Dodged            |    87 |   107 |   234 |   211 ||   639
Block: Buckler           |       |       |    26 |    75 ||   101

Table legend: (Time is in decaauts)
 A = Elapsed time spent in this place.
 B = Non-inter-level travel time spent in this place.
 C = Inter-level travel time spent in this place.
 D = Time resting spent in this place.
 E = Time spent auto-exploring this place.
 F = Levels seen in this place.
 G = Mean time per level.
                   A        B        C        D        E       F      G
               +--------+--------+--------+--------+--------+-----+--------+
         Total |  16274 |  15848 |    426 |   3242 |  10341 |  13 | 1251.8 |
       Dungeon |  10287 |   9923 |    364 |   1311 |   6995 |   9 | 1143.0 |
          Lair |   5525 |   5463 |     62 |   1931 |   2995 |   3 | 1841.7 |
       Ossuary |    462 |    462 |      0 |      0 |    351 |   1 |  462.0 |
               +--------+--------+--------+--------+--------+-----+--------+

Top non-repeatable levels by time:
  Lair:2: 2321 daAuts
     D:5: 1951 daAuts
  Lair:1: 1895 daAuts
     D:8: 1477 daAuts
     D:9: 1421 daAuts
     D:4: 1313 daAuts
  Lair:3: 1307 daAuts
     D:2: 1025 daAuts
     D:3: 958 daAuts
     D:7: 909 daAuts
     D:6: 704 daAuts
     D:1: 526 daAuts
 Ossuary: 462 daAuts
